 Dungeon Crawl Stone Soup version 0.28.0-49-g6dfe1f597d (webtiles) character file.

Game seed: 12881186765496745847

89 styxcanada the Sneak (level 4, -11/23 HPs)
             Began as a Spriggan Brigand on May 13, 2022.
             Mangled by a gnoll
             ... wielding a +2 whip of electrocution
              (20 damage)
             ... on level 3 of the Dungeon.
             The game lasted 00:08:54 (2162 turns).

styxcanada the Sneak (Spriggan Brigand)             Turns: 2162, Time: 00:08:55

Health: -11/23     AC:  3    Str:  7    XL:     4   Next: 31%
Magic:  5/5        EV: 17    Int: 12    God:
Gold:   117        SH:  0    Dex: 18    Spells: 3/3 levels left

rFire   . . .      SeeInvis +   a - +2 dagger
rCold   . . .      Faith    .   (no shield)
rNeg    . . .      Spirit   .   b - +0 robe
rPois   .          Reflect  .   r - +0 hat
rElec   .          Harm     .   c - +0 cloak
rCorr   .          Rampage  .   (gloves unavailable)
Will    .....                   (boots unavailable)
Stlth   ++++......              (no amulet)
HPRegen 0.07/turn               (no ring)
MPRegen 0.09/turn               (no ring)

@: very quick
A: very small, no large weapons, unfitting armour, see invisible, speed 3
a: no special abilities


You were on level 3 of the Dungeon.
You visited 1 branch of the dungeon, and saw 3 of its levels.

You collected 117 gold pieces.

Inventory:

Hand Weapons
 a - a +2 dagger (weapon)
 n - a +0 hunting sling
Missiles
 k - 80 stones (quivered)
 p - 24 sling bullets
Armour
 b - a +0 robe (worn)
 c - a +0 cloak (worn)
 r - a +0 hat (worn)
Jewellery
 j - a ring of fire
 q - a +4 ring of slaying
Scrolls
 f - a scroll of silence {unknown}
 g - 3 scrolls of identify {unknown}
 h - a scroll of fog {unknown}
 l - a scroll of teleportation {unknown}
 m - a scroll of enchant weapon {unknown}
 o - a scroll of vulnerability {unknown}
Potions
 i - 3 potions of might {unknown}


   Skills:
 * Level 2.0 Fighting
 + Level 2.9 Short Blades
 + Level 2.2 Throwing
 * Level 2.0 Dodging
 * Level 7.6 Stealth


You had 3 spell levels left.
You didn't know any spells.
Your spell library was empty.

Dungeon Overview and Level Annotations

Branches:
Dungeon (3/15)

Altars:

Shops:
D:1 ([


Innate Abilities, Weirdness & Mutations

You are very small and have problems with some larger weapons.
You are too small for most types of armour.
You have supernaturally acute eyesight. (SInv)
You cover ground extremely quickly. (Speed+++)


Message History

The bat closely misses you.
You barely miss the bat.
The bat is heavily wounded.
The bat closely misses you. The bat hits you but does no damage.
You hit the bat but do no damage. The bat hits you but does no damage.
The bat misses you.
You hit the bat.
The bat is heavily wounded.
The bat barely misses you. The bat closely misses you.
The bat closely misses you.
You completely miss the bat.
The bat is heavily wounded.
The bat barely misses you. x2
You hit the bat.
The bat is severely wounded.
The bat closely misses you. The bat barely misses you.
You miss the bat.
The bat is heavily wounded.
The bat hits you. The bat misses you. The bat closely misses you.
The bat barely misses you.
You hit the bat.
You kill the bat!
The bat closely misses you. The bat hits you but does no damage.
You miss the bat. The bat hits you but does no damage. The bat misses you.
The bat closely misses you.
The gnoll hits you with a +2 whip of electrocution!
You see here a bat corpse.
You barely miss the gnoll.
The gnoll is moderately wounded.
The bat misses you. The gnoll completely misses you.
You closely miss the gnoll.
The gnoll is moderately wounded.
The bat closely misses you. The gnoll barely misses you.
You hit the bat but do no damage. The bat hits you but does no damage.
The gnoll hits you with a +2 whip of electrocution.
You are electrocuted!!
Ouch! That really hurt!
You die...

#.# #...............####.#
#.# ##############.......#
#.# #.. ..............# #.#
#.# #######..###### #.# #.#
######..# ###.#####.##
#.......###### #..........#
#.......()....
#.#####.#..#####g.####.#####.
#.# #.#...@g##g.# #.# #. #.#
##.#.###b#...## ..# #g #.#
#....# #g.....#.### #. #.#
#.##.###<.....#. #(
#.####.##.....$....# #.
#............##...## #.
#.####.###.......... #...
#.###...##.#.###..... .....
#<.........#.# .##### ##.##


You could see 2 gnolls and a bat.

Vanquished Creatures
  An adder (D:2)
  2 gnolls (D:3)
  3 dart slugs
  3 bats
  5 endoplasms
  2 giant cockroaches
  5 hobgoblins
  10 jackals (D:1)
  2 kobolds
  3 quokkas (D:1)
  3 ball pythons (D:1)
  2 frilled lizards (D:2)
  4 goblins
  4 rats
49 creatures vanquished.

Notes
Turn   | Place    | Note
-------+----------+-------------------------------------------
     0 | D:1      | styxcanada the Spriggan Brigand began the quest for the
                  | Orb.
     0 | D:1      | Reached XP level 1. HP: 10/10 MP: 2/2
   117 | D:1      | Reached skill level 6 in Stealth
   181 | D:1      | Found Banot's Weapon Emporium.
   209 | D:1      | Reached XP level 2. HP: 11/15 MP: 3/3
   360 | D:1      | Reached skill level 7 in Stealth
   692 | D:1      | Reached XP level 3. HP: 18/18 MP: 4/4
  1145 | D:1      | Found Oriol's Armour Emporium.
  1953 | D:3      | Reached XP level 4. HP: 23/23 MP: 5/5
  2162 | D:3      | Mangled by a gnoll

Illustrated notes

Levels and vault maps discovered:
D:1:      kilobyte_arrival_exit_the_forest, layout_rooms, serial_shops,
          nicolae_shop_bloodbath_and_beyond, nicolae_shop_stone, st_stairs_5
D:2:      layout_rooms, minmay_pentomino_w2
D:3:      layout_loops_ring

Skill      XL: |  1  2  3  4 |
---------------+-------------+-----
Stealth        | 6 7 |  7.6
Fighting       | 2 |  2.0
Dodging        | 2 |  2.0
Short Blades   | |  2.9
Throwing       | |  2.2

Action                   |  1- 3 |  4- 6 || total
-------------------------+-------+-------++-------
Melee: Dagger            |   151 |    13 ||   164
       Punch             |     1 |       ||     1
Throw: Dart              |    18 |    11 ||    29
       Stone             |       |     1 ||     1
 Stab: Sleeping          |     9 |       ||     9
Armor: Robe              |    19 |     6 ||    25
Dodge: Dodged            |   109 |    23 ||   132
